Map: Heavy Artillery LE

Players

Alebay - Winner!

  • Race: Protoss Protoss
  • Spawn Location: 1:00

MattBarry - Winner!

  • Race: Zerg Zerg
  • League: Gold
  • Spawn Location: 3:00

VOD

Have the link to the VOD?

Description

Time

  • Played on: Jan. 27, 2023, 5:04 p.m.
  • Length: 11:36
Show
View Real Time Build Order
Export as new Build Order

Alebay Protoss - Winner!

Build Orders:  

Get SALT Encoding   

  12  0:03  Probe (Chrono Boost)  
  14  0:20  Probe (Chrono Boost)  
  14  0:24  Pylon  
  14  0:37  Probe (Chrono Boost)  
  15  0:50  Forge  
  15  0:55  Probe (Chrono Boost)  
  16  1:12  Probe (Chrono Boost)  
  17  2:08  Pylon  
  17  2:34  Photon Cannon  
  17  2:36  Photon Cannon  
  17  2:52  Pylon  
  17  3:20  Photon Cannon  
  17  3:21  Photon Cannon  
  17  3:32  Photon Cannon  
  17  3:53  Pylon  
  17  4:21  Photon Cannon x2  
  17  4:46  Pylon  
  17  5:14  Photon Cannon  
  17  5:37  Pylon  
  17  5:41  Pylon  
  17  5:49  Pylon  
  17  6:02  Photon Cannon  
  17  6:26  Photon Cannon  
  17  6:27  Photon Cannon  
  17  6:28  Photon Cannon  
  17  6:39  Photon Cannon  
  17  6:46  Photon Cannon  
  17  6:55  Photon Cannon  
  17  7:14  Pylon  
  17  7:35  Photon Cannon  
  17  7:37  Photon Cannon  
  17  7:52  Pylon  
  17  8:22  Photon Cannon  
  17  8:23  Photon Cannon  
  17  8:42  Photon Cannon  
  17  8:44  Photon Cannon  
  17  8:58  Photon Cannon  
  17  9:13  Photon Cannon  
  17  9:16  Photon Cannon  
  17  9:39  Pylon  
  17  9:57  Photon Cannon  
  17  10:02  Photon Cannon  
  17  10:34  Photon Cannon  
  17  10:36  Photon Cannon  
  17  10:43  Pylon  
  17  10:45  Pylon  
  17  11:10  Photon Cannon  
  17  11:12  Photon Cannon  
  17  11:16  Photon Cannon  
Show
View Real Time Build Order
Export as new Build Order

MattBarry Zerg - Winner!

Build Orders:  

Get SALT Encoding   

  12  0:07  Drone  
  13  0:21  Overlord  
  13  0:25  Drone  
  14  0:48  Drone x2  
  16  1:11  Hatchery  
  16  1:16  Drone  
  16  1:19  Drone  
  17  1:26  Drone  
  18  1:31  Extractor  
  17  1:56  Spawning Pool  
  17  1:58  Overlord  
  16  2:11  Drone  
  16  2:12  Drone  
  18  2:22  Drone  
  19  2:39  Drone  
  20  2:56  Drone  
  20  2:57  Drone  
  22  3:02  Queen x2  
  26  3:19  Zergling x4  
  28  3:25  Zergling x2  
  29  4:00  Metabolic Boost  
  29  4:12  Drone x3  
  29  4:14  Zergling x6  
  35  4:34  Drone  
  36  4:40  Overlord  
  36  5:07  Drone x3  
  36  5:08  Drone x3  
  39  5:43  Overlord  
  36  6:22  Roach Warren, Zergling x2  
  36  6:23  Zergling x14  
  36  6:24  Zergling x8  
  47  6:45  Drone x2  
  49  7:07  Extractor  
  49  7:09  Extractor  
  47  7:12  Extractor  
  34  8:00  Roach  
  34  8:01  Roach x8  
  34  8:08  Overlord x2  
  52  8:35  Roach  
  52  8:36  Roach x5  
  52  8:38  Lair  
  64  8:49  Overlord x2  
  64  9:11  Roach  
  64  9:12  Roach  
  64  9:13  Overlord x2  
  64  9:14  Overlord  
  68  9:43  Roach  
  68  9:44  Roach x5  
  77  10:52  Roach  
  77  10:53  Roach x8  
  77  10:54  Roach  
Tags
 
League
Gold
Matchup
Co-op
Replay Pack
Multiplayer
Add a new tag
Caveats
  • Supply blocks, unpowered buildings, or Contaminate may cause inaccurate times.
  • Supply counts are checked every 10 seconds.